[Event "Titled Tuesday Blitz March 07 Late 2023"]
[White "Lewicki, Miroslaw"]
[Black "Abdyzhaparov, Aidar"]
[WhiteFideId "1113380"]
[BlackFideId "13800361"]
[WhiteElo "2212"]
[BlackElo "2002"]
[Result "1-0"]
[Round "01"]
[TimeControl "180+2"]
[Date "2023.03.07"]
[WhiteClock "0:00:14"]
[BlackClock "0:00:01"]

1. g3 d6 2. Bg2 Nf6 3. Nf3 h5 4. O-O e5 5. d3 Nc6 6. e4 Be7 7. Nc3 Be6 8. d4 exd4 9. Nxd4 Nxd4 10. Qxd4 Qd7 11. f4 Bh3 12. Be3 Bxg2 13. Kxg2 h4 14. f5 Ng4 15. Qxg7 Nxe3+ 16. Kf3 O-O-O 17. Kxe3 Rdg8 18. Qd4 hxg3 19. hxg3 Rxg3+ 20. Ke2 Rh2+ 21. Rf2 Rgg2 22. Rxg2 Rxg2+ 23. Kf3 Rg8 24. Qxa7 Qd8 25. Qa8+ Kd7 26. Qxb7 Bh4 27. Nd5 Rg3+ 28. Ke2 Rg2+ 29. Kd3 Rg3+ 30. Kc4 Ke8 31. Rh1 Kf8 32. Qxc7 Qa8 33. Qxd6+ Kg8 34. Rxh4 Qxa2+ 35. Kc5 Qa5+ 36. Kc6 Qa4+ 37. Kb7 Qb5+ 38. Nb6 Qe8 39. Qf6 Rg7 40. Qh6 Kf8 41. Qh8+ Rg8 42. Qf6 1-0


[Site "https://www.chess.com"]

[Event "Titled Tuesday Blitz March 07 Late 2023"]
[White "ArtemDyachuk"]
[Black "Do Valle Cardoso, Lucas"]
[BlackFideId "2163144"]
[WhiteElo "2339"]
[BlackElo "2383"]
[Result "1-0"]
[Round "01"]
[TimeControl "180+2"]
[Date "2023.03.07"]
[WhiteClock "0:00:04"]
[BlackClock "0:00:10"]

1. e4 c5 2. Nf3 d6 3. d4 cxd4 4. Nxd4 Nf6 5. Nc3 a6 6. Bc4 e6 7. O-O b5 8. Bb3 Bb7 9. Re1 Nc6 10. Bg5 Be7 11. a4 b4 12. Na2 a5 13. c3 bxc3 14. Nxc3 O-O 15. Ncb5 h6 16. Bh4 Nb4 17. f3 d5 18. e5 Nd7 19. Bxe7 Qxe7 20. Nd6 Ba6 21. f4 Nc5 22. Re3 Qa7 23. N4b5 Qb6 24. Qd4 Rab8 25. Kh1 Nxb3 26. Qxb6 Rxb6 27. Rxb3 Rc6 28. Rg3 Rc2 29. f5 Rxb2 30. f6 g6 31. h4 Bxb5 32. axb5 Ra8 33. b6 Nc6 34. b7 Rb8 35. Rc1 a4 36. Rxc6 Kh7 37. Rc8 R2xb7 38. Nxb7 Rxc8 39. Nd6 Rc1+ 40. Kh2 Kg8 41. Ra3 Re1 42. Rxa4 Rxe5 43. Ra8+ Kh7 44. Nxf7 Rf5 45. Rh8# 1-0


[Site "https://www.chess.com"]

[Event "Titled Tuesday Blitz March 07 Late 2023"]
[White "Shapiro, David"]
[Black "Ward, Ieuan C"]
[WhiteFideId "24133523"]
[BlackFideId "406627"]
[WhiteElo "2300"]
[BlackElo "2339"]
[Result "1-0"]
[Round "01"]
[TimeControl "180+2"]
[Date "2023.03.07"]
[WhiteClock "0:00:49"]
[BlackClock "0:00:01"]

1. d4 Nf6 2. c4 e6 3. Nf3 b6 4. g3 Bb7 5. Bg2 Be7 6. O-O O-O 7. Re1 Ne4 8. Nfd2 f5 9. Qc2 d5 10. Nxe4 fxe4 11. f3 exf3 12. Bxf3 Nd7 13. Nc3 c6 14. e4 Rxf3 15. exd5 exd5 16. Bf4 Nf6 17. Qe2 Rxf4 18. gxf4 Bd6 19. Qe6+ Kh8 20. Qf7 Qd7 21. Qxd7 Nxd7 22. cxd5 cxd5 23. Nb5 Bxf4 24. Re7 Bc6 25. Nxa7 Ba4 26. Rae1 h6 27. Re8+ Rxe8 28. Rxe8+ Kh7 29. b3 Nf6 30. Re6 Bd7 31. Rxb6 Be3+ 32. Kg2 Bxd4 33. Rb7 Bf5 34. Nc6 Be4+ 35. Kf1 Bc5 36. b4 Bd6 37. Nd4 Bxh2 38. a4 Be5 39. Ne6 Nh5 40. a5 d4 41. Rd7 Bf5 42. Rd5 1-0


[Site "https://www.chess.com"]

[Event "Titled Tuesday Blitz March 07 Late 2023"]
[White "Coelho, Ramyres Santana"]
[Black "Altman, Joshua"]
[WhiteFideId "2120690"]
[BlackFideId "426210"]
[WhiteElo "1888"]
[BlackElo "2028"]
[Result "1-0"]
[Round "01"]
[TimeControl "180+2"]
[Date "2023.03.07"]
[WhiteClock "0:01:22"]
[BlackClock "0:00:44"]

1. e4 e6 2. d4 d5 3. Nc3 Nf6 4. e5 Nfd7 5. f4 c5 6. Nf3 Nc6 7. Be3 a6 8. a4 cxd4 9. Nxd4 Bb4 10. Bd3 Nc5 11. O-O Bxc3 12. bxc3 Nxd3 13. cxd3 O-O 14. Qh5 f5 15. Rf3 Qe8 16. Qh4 Ne7 17. Rh3 h6 18. g4 fxg4 19. Qxg4 Qg6 20. Qxg6 Nxg6 21. Rf1 Bd7 22. a5 Rac8 23. Rg3 Ne7 24. f5 Nxf5 25. Nxf5 exf5 26. Bxh6 Rf7 27. d4 Kf8 28. Bf4 Be6 29. Rg6 Ke7 30. Rb1 Rc7 31. Rb6 Bc8 32. e6 Rc6 33. Rxc6 bxc6 34. exf7 Kxf7 35. Rxc6 Be6 36. Rc7+ Kf6 37. Be5+ Kg5 38. Rxg7+ Kh4 39. Kg2 f4 40. Bxf4 Bh3+ 41. Kf3 Bg4+ 42. Rxg4+ Kh5 43. Rg5+ Kh4 44. Rxd5 Kh3 45. Rh5# 1-0


[Site "https://www.chess.com"]

[Event "Titled Tuesday Blitz March 07 Late 2023"]
[White "Di Berardino, Diego Rafael"]
[Black "Needleman, Alejandro"]
[WhiteFideId "2105446"]
[BlackFideId "100730"]
[WhiteElo "2432"]
[BlackElo "2230"]
[Result "1-0"]
[Round "01"]
[TimeControl "180+2"]
[Date "2023.03.07"]
[WhiteClock "0:01:02"]
[BlackClock "0:00:18"]

1. e4 c5 2. Nf3 e6 3. d4 cxd4 4. Nxd4 Nc6 5. Nc3 Qc7 6. Be2 a6 7. O-O b5 8. Nxc6 dxc6 9. f4 Nf6 10. Bf3 Be7 11. e5 Nd5 12. Ne4 c5 13. Bd2 Bb7 14. Qe2 c4 15. Kh1 O-O 16. Rae1 Rad8 17. Qf2 Kh8 18. Qg3 Nb4 19. Nd6 Bxf3 20. Bxb4 Bh5 21. f5 Rg8 22. Qh3 Rxd6 23. exd6 Bxd6 24. Bxd6 Qxd6 25. Qxh5 exf5 26. Qxf7 c3 27. Re8 1-0


[Site "https://www.chess.com"]

[Event "Titled Tuesday Blitz March 07 Late 2023"]
[White "Szente Varga, Fruzsina"]
[Black "Atanasov, Anthony"]
[WhiteFideId "712264"]
[BlackFideId "2623897"]
[WhiteElo "1994"]
[BlackElo "2206"]
[Result "1-0"]
[Round "01"]
[TimeControl "180+2"]
[Date "2023.03.07"]
[WhiteClock "0:01:22"]
[BlackClock "0:00:01"]

1. e4 e5 2. Nf3 Nf6 3. Nc3 Nc6 4. d4 exd4 5. Nd5 Bc5 6. Bc4 O-O 7. O-O Nxe4 8. Re1 Nd6 9. Bg5 Nxc4 10. Bxd8 Rxd8 11. Ng5 h6 12. Ne4 d6 13. Nxc5 dxc5 14. Ne7+ Nxe7 15. Rxe7 Bd7 16. Qh5 Nd6 17. Qxc5 Bc6 18. Rae1 Nb5 19. Qh5 Bd5 20. a4 g6 21. Qxh6 Nd6 22. h4 Nf5 23. Qg5 Nxe7 24. Rxe7 Rd6 25. h5 1-0


[Site "https://www.chess.com"]

[Event "Titled Tuesday Blitz March 07 Late 2023"]
[White "Averjanov, Alexey"]
[Black "Romero Ruscalleda, Josep"]
[WhiteFideId "14109867"]
[BlackFideId "2231859"]
[WhiteElo "2617"]
[BlackElo "2183"]
[Result "0-1"]
[Round "01"]
[TimeControl "180+2"]
[Date "2023.03.07"]
[WhiteClock "0:00:06"]
[BlackClock "0:01:04"]

1. d4 g6 2. c4 Bg7 3. Nf3 d6 4. g3 Nc6 5. Bg2 e5 6. dxe5 Nxe5 7. O-O Nxf3+ 8. Bxf3 Ne7 9. Bg2 O-O 10. Qc2 Bf5 11. e4 Be6 12. Nd2 c5 13. Rb1 Nc6 14. b3 Nd4 15. Qd3 f5 16. Bb2 fxe4 17. Nxe4 Bf5 18. Rbd1 Qc7 19. Rfe1 Rae8 20. f3 Bxe4 21. Rxe4 Rxe4 22. Qxe4 Nxf3+ 23. Bxf3 Bxb2 24. Qxb7 Bd4+ 25. Kh1 Qxb7 26. Bxb7 Rf2 27. Bd5+ Kg7 28. a4 Rb2 29. Rd3 a5 30. Rf3 g5 31. g4 Rb1+ 32. Kg2 Rg1+ 33. Kh3 Be5 34. Be4 h5 35. Bf5 Kh6 36. Rf2 Bf4 37. Re2 hxg4+ 38. Bxg4 Rb1 39. Bf3 Rxb3 40. Kg4 Rc3 41. Bd5 Be5 0-1


[Site "https://www.chess.com"]

[Event "Titled Tuesday Blitz March 07 Late 2023"]
[White "Paspuel, Trosky"]
[Black "Saveliev, Alexei"]
[WhiteFideId "3602150"]
[BlackFideId "24128546"]
[WhiteElo "2323"]
[BlackElo "2271"]
[Result "0-1"]
[Round "01"]
[TimeControl "180+2"]
[Date "2023.03.07"]
[WhiteClock "0:00:42"]
[BlackClock "0:02:13"]

1. c4 g6 2. Nc3 Bg7 3. d4 d6 4. e4 Nc6 5. Be3 e5 6. d5 Nce7 7. c5 f5 8. Bb5+ Bd7 9. Bxd7+ Qxd7 10. Qb3 Nf6 11. Qxb7 O-O 12. cxd6 Qxd6 13. Qb5 Rfb8 14. Bc5 Qd8 15. Qe2 fxe4 16. O-O-O Nf5 17. Nxe4 Nxe4 18. Qxe4 Nd6 19. Bxd6 cxd6 20. Nf3 Qb6 21. b3 Qxf2 22. Kb1 a5 23. Ng5 a4 24. b4 a3 0-1


[Site "https://www.chess.com"]

[Event "Titled Tuesday Blitz March 07 Late 2023"]
[White "Guzman, Christopher"]
[Black "Delgado Rosas, Fatima Alexandra"]
[WhiteFideId "6405096"]
[BlackFideId "6603963"]
[WhiteElo "2281"]
[BlackElo "2322"]
[Result "1-0"]
[Round "01"]
[TimeControl "180+2"]
[Date "2023.03.07"]
[WhiteClock "0:01:39"]
[BlackClock "0:02:11"]

1. e4 c6 2. d4 d5 3. exd5 cxd5 4. Bd3 Nf6 5. c3 Nc6 6. Bf4 Bg4 7. Qb3 Qb6 8. Na3 e6 9. Qxb6 axb6 10. Nb5 Kd7 11. Ne2 Bxe2 12. Kxe2 Nh5 13. Bd2 Be7 14. g4 Nf6 15. f3 Bd6 16. a4 Rhc8 17. h4 Na5 18. Bc2 Nc4 19. Bc1 Ne8 20. Bxh7 Nc7 21. Nxd6 Nxd6 22. Bd3 b5 23. Bc2 bxa4 24. Rxa4 Rxa4 25. Bxa4+ b5 26. Bc2 Rh8 27. h5 Nce8 28. Bf4 Ke7 29. Ra1 Nc7 30. Bd3 Rb8 31. Ra7 Kd7 32. g5 Kc6 33. h6 gxh6 34. gxh6 Rh8 35. h7 Nce8 36. Be5 f6 37. Bxd6 Nxd6 38. Rg7 Nf5 39. Bxf5 exf5 40. Ke3 Kd6 41. Kf4 Ke6 42. Rb7 b4 43. cxb4 Ra8 44. b5 Rc8 45. b4 Ra8 46. b6 Rc8 47. Rg7 Rh8 48. b7 Kd6 49. b5 Ke6 50. Rc7 Kd6 51. Rc8 Rxc8 52. bxc8=Q Ke7 53. h8=Q Kd6 54. Qhf8# 1-0


[Site "https://www.chess.com"]

[Event "Titled Tuesday Blitz March 07 Late 2023"]
[White "Gerbelli Neto, Eduardo"]
[Black "Carnicelli, Valerio"]
[WhiteFideId "2103281"]
[BlackFideId "856185"]
[WhiteElo "2178"]
[BlackElo "2319"]
[Result "1-0"]
[Round "01"]
[TimeControl "180+2"]
[Date "2023.03.07"]
[WhiteClock "0:00:49"]
[BlackClock "0:00:23"]

1. e4 c6 2. d4 d5 3. exd5 cxd5 4. c4 Nf6 5. Nc3 e6 6. Nf3 Be7 7. cxd5 Nxd5 8. Bd3 O-O 9. O-O Nxc3 10. bxc3 Nd7 11. Qc2 Nf6 12. Ne5 Bd7 13. Rb1 b6 14. Bg5 h6 15. Bxf6 Bxf6 16. Qe2 Bxe5 17. Qxe5 Bc6 18. Rfe1 Qd5 19. Qxd5 Bxd5 20. c4 Bc6 21. Be4 Rac8 22. d5 exd5 23. cxd5 Bd7 24. Rbc1 Rfe8 25. f3 Kf8 26. d6 Rxc1 27. Rxc1 Rc8 28. Rxc8+ Bxc8 29. Bc6 Be6 30. a4 g5 31. Kf2 f5 32. Ke3 Kf7 33. Kd4 Kf6 34. g3 h5 35. h4 gxh4 36. gxh4 Bf7 37. f4 Ke6 38. Bd5+ Kf6 39. Bxf7 Kxf7 40. Ke5 a6 41. Kd5 b5 42. axb5 axb5 43. Kc6 b4 44. d7 1-0


[Site "https://www.chess.com"]

[Event "Titled Tuesday Blitz March 07 Late 2023"]
[White "Fishbein, Alexander"]
[Black "Barash, Anton"]
[WhiteFideId "2000377"]
[BlackFideId "30935229"]
[WhiteElo "2415"]
[BlackElo "2317"]
[Result "1-0"]
[Round "01"]
[TimeControl "180+2"]
[Date "2023.03.07"]
[WhiteClock "0:01:36"]
[BlackClock "0:01:31"]

1. e4 e6 2. d4 d5 3. exd5 exd5 4. Nf3 Bd6 5. c4 Nf6 6. c5 Be7 7. Bd3 O-O 8. O-O b6 9. Be3 Bb7 10. Nc3 Nbd7 11. b4 a5 12. a3 Ne4 13. Qc2 Ndf6 14. Ne5 g6 15. Rfe1 Re8 16. f3 Nxc3 17. Qxc3 Bf8 18. Bg5 Bg7 19. Bb5 Rf8 20. Nd7 c6 21. Nxf8 cxb5 22. c6 Qc7 23. cxb7 Rxf8 24. Qxc7 1-0


[Site "https://www.chess.com"]

[Event "Titled Tuesday Blitz March 07 Late 2023"]
[White "Melikhov, Evgeny V."]
[Black "Oro, Faustino"]
[WhiteFideId "4122046"]
[BlackFideId "20000197"]
[WhiteElo "2158"]
[BlackElo "1984"]
[Result "1/2-1/2"]
[Round "01"]
[TimeControl "180+2"]
[Date "2023.03.07"]
[WhiteClock "0:00:06"]
[BlackClock "0:00:09"]

1. d4 Nf6 2. c4 e6 3. Nc3 d5 4. cxd5 exd5 5. Bg5 Be7 6. e3 O-O 7. Bd3 Re8 8. Nf3 Nbd7 9. O-O h6 10. Bh4 c6 11. Qc2 Nf8 12. h3 Ne4 13. Bxe4 Bxh4 14. Bd3 Be7 15. Rab1 Bd6 16. b4 Qf6 17. e4 dxe4 18. Nxe4 Qd8 19. Nxd6 Qxd6 20. b5 Bd7 21. Qc5 Qxc5 22. dxc5 Ne6 23. Rfc1 Nf4 24. Bf1 cxb5 25. g3 Ne2+ 26. Bxe2 Rxe2 27. Nd4 Rxa2 28. Nxb5 Bc6 29. Nd4 Be4 30. Rb4 Rd8 31. c6 bxc6 32. Nxc6 Bxc6 33. Rxc6 Rdd2 34. Rf4 f6 35. h4 a5 36. h5 a4 37. Rc7 Rd5 38. Ra7 a3 39. Rg4 Rg5 40. Rga4 Rxh5 41. Rxa3 Rd2 42. Rf3 Re5 43. Kg2 Re6 44. Ra5 Kh7 45. Raa3 Kg6 46. Rae3 Red6 47. Ra3 h5 48. Ra4 Kh6 49. Raa3 R2d5 50. Rfe3 g5 51. Ra8 Rd7 52. Rf8 Kg6 53. Ree8 Rf7 54. Rxf7 Kxf7 55. Ra8 Kg6 56. Ra6 Kf5 57. Ra4 g4 58. Rf4+ Kg5 59. Ra4 Re5 60. Rb4 h4 61. gxh4+ Kxh4 62. Ra4 f5 63. Rb4 Kg5 64. Ra4 Rc5 65. Rb4 Rc8 66. Ra4 Re8 67. Rb4 Re4 68. Rb3 Kf4 69. Ra3 Rc4 70. Rb3 Ke4 71. Ra3 f4 72. Rb3 Rd4 73. Ra3 Rd5 74. Ra4+ Kf5 75. Ra3 Kg5 76. Ra4 Rf5 77. Rb4 Kh4 78. Ra4 f3+ 79. Kh2 Rh5 80. Rb4 Kg5+ 81. Kg1 Rh3 82. Ra4 Rh4 83. Ra5+ Kf4 84. Ra4+ Kf5 85. Ra5+ Kg6 86. Ra6+ Kg5 87. Ra5+ Kf4 88. Ra4+ Ke5 89. Ra5+ Kd4 90. Ra4+ Kc5 91. Ra5+ Kd6 92. Ra6+ Ke5 93. Ra5+ Kf4 1/2-1/2


[Site "https://www.chess.com"]

[Event "Titled Tuesday Blitz March 07 Late 2023"]
[White "Prem, Pranav"]
[Black "Eggleston, Thomas A"]
[WhiteFideId "30901057"]
[BlackFideId "412139"]
[WhiteElo "1970"]
[BlackElo "2155"]
[Result "1-0"]
[Round "01"]
[TimeControl "180+2"]
[Date "2023.03.07"]
[WhiteClock "0:00:17"]
[BlackClock "0:00:10"]

1. d4 e6 2. c4 f5 3. Nc3 Nf6 4. Bf4 Bb4 5. Qc2 O-O 6. Nf3 c5 7. e3 cxd4 8. exd4 d5 9. a3 Bd6 10. Bxd6 Qxd6 11. c5 Qe7 12. b4 Ne4 13. Bd3 Bd7 14. O-O Be8 15. Ne5 Nd7 16. Nxd7 Bxd7 17. f3 Nxc3 18. Qxc3 f4 19. b5 Kh8 20. Rfe1 Rae8 21. Re5 Rf6 22. Rae1 Rh6 23. Rxd5 Qh4 24. Rxd7 Qxh2+ 25. Kf1 Qg3 26. Be4 Rh1+ 27. Ke2 Qxg2+ 28. Kd1 Rh2 29. d5 exd5 30. Rxd5 Qa2 31. Rd7 Rg2 32. Rd2 Rxd2+ 33. Qxd2 Qa1+ 34. Ke2 Qxa3 35. c6 bxc6 36. bxc6 Qa6+ 37. Kf2 Qb6+ 38. Kg2 Qc5 39. Rh1 Qg5+ 40. Kf1 h6 41. c7 Qb5+ 42. Qe2 Qc5 43. Qc2 Qb5+ 44. Kf2 Qb6+ 45. Kg2 Rc8 46. Rd1 g5 47. Rd7 g4 48. Rh7+ Kg8 49. Qc4+ Kf8 50. Qf7# 1-0


[Site "https://www.chess.com"]

[Event "Titled Tuesday Blitz March 07 Late 2023"]
[White "Avalos Parra, Joao"]
[Black "Leiva, Gianmarco"]
[WhiteFideId "3402541"]
[BlackFideId "3804399"]
[WhiteElo "2173"]
[BlackElo "2345"]
[Result "1-0"]
[Round "01"]
[TimeControl "180+2"]
[Date "2023.03.07"]
[WhiteClock "0:00:13"]
[BlackClock "0:01:09"]

1. d4 Nf6 2. Nf3 e6 3. c4 d5 4. Nc3 a6 5. cxd5 exd5 6. Bf4 Bd6 7. Bg3 O-O 8. e3 Bf5 9. Bd3 Bxd3 10. Qxd3 Re8 11. O-O Bxg3 12. hxg3 Nbd7 13. Rac1 c6 14. Nd2 Ng4 15. Qf5 Nh6 16. Qf4 Qe7 17. a3 Nf8 18. b4 Ne6 19. Qf3 Qg5 20. a4 Ng4 21. Rfd1 Qh5 22. Nf1 Ng5 23. Qf4 Re6 24. f3 Rh6 25. Qxg4 Qxg4 26. fxg4 Re6 27. Re1 h6 28. Kf2 b5 29. a5 Rg6 30. Nd2 Nh7 31. e4 Nf6 32. exd5 cxd5 33. g5 Rxg5 34. Nf3 Rf5 35. Kg1 Kf8 36. Re5 Rh5 37. Rxh5 Nxh5 38. Nxd5 Rd8 39. Rc5 g5 40. Nc7 Nxg3 41. Nxa6 g4 42. Ne5 Rxd4 43. Nc7 h5 44. a6 Rxb4 45. a7 Rb1+ 46. Kf2 Ne4+ 47. Ke3 Re1+ 48. Kd4 Ra1 49. Kxe4 Rxa7 50. Nxb5 Ra4+ 51. Kf5 Ra2 52. g3 Rg2 53. Kf4 Rf2+ 54. Kg5 f6+ 55. Kxh5 fxe5 56. Kxg4 e4 57. Re5 Rb2 58. Nd6 Kg7 59. Nxe4 Rb4 60. Kf5 Kh6 61. g4 Rb7 62. Re6+ Kg7 63. Rg6+ Kf7 64. Ng5+ Kf8 65. Rf6+ Kg7 66. Ne6+ Kg8 67. g5 Kh7 68. g6+ Kh6 69. g7+ Kh7 70. Rf8 Rb5+ 71. Kf6 Rf5+ 72. Kxf5 1-0


[Site "https://www.chess.com"]

[Event "Titled Tuesday Blitz March 07 Late 2023"]
[White "Poliakova, Varvara"]
[Black "Vargas Rodriguez, Wilver"]
[WhiteFideId "13518313"]
[BlackFideId "3509672"]
[WhiteElo "2075"]
[BlackElo "2238"]
[Result "1/2-1/2"]
[Round "01"]
[TimeControl "180+2"]
[Date "2023.03.07"]
[WhiteClock "0:00:24"]
[BlackClock "0:00:10"]

1. e4 c5 2. Nf3 d6 3. d4 cxd4 4. Nxd4 Nf6 5. Nc3 a6 6. h3 e6 7. g4 b5 8. Bg2 Bb7 9. a3 Nfd7 10. Be3 Be7 11. Qd2 Nc6 12. f4 Nb6 13. b3 Bf6 14. e5 Bh4+ 15. Bf2 Nxd4 16. Bxb7 Bxf2+ 17. Kxf2 Rb8 18. Bxa6 dxe5 19. fxe5 Qh4+ 20. Kg2 Rd8 21. Qf2 Qxf2+ 22. Kxf2 O-O 23. Rad1 Nxc2 24. Nxb5 Nd5 25. Bb7 Nde3 26. Rxd8 Rxd8 27. Ke2 f6 28. Be4 f5 29. gxf5 exf5 30. Bd3 f4 31. Rc1 Nd4+ 32. Kf2 Kf7 33. Bc4+ Ke7 34. a4 Nxc4 35. bxc4 Nc6 36. Re1 Rd2+ 37. Kf3 Rd3+ 38. Kxf4 Rxh3 39. Rg1 Rh4+ 40. Ke3 g6 41. Ra1 Rxc4 42. a5 Rc5 43. a6 Rxe5+ 44. Kf4 Rxb5 45. a7 Nxa7 46. Rxa7+ Kf6 47. Rxh7 Rb4+ 48. Kg3 Kg5 49. Rf7 Rb3+ 50. Kh2 Kg4 51. Ra7 g5 52. Ra8 Kh5 53. Kg2 Rb2+ 54. Kg3 Rb3+ 55. Kg2 Rb2+ 56. Kg3 Rb3+ 57. Kg2 1/2-1/2


[Site "https://www.chess.com"]

[Event "Titled Tuesday Blitz March 07 Late 2023"]
[White "Zampronha, Wladimir Camilo"]
[Black "Czopor, Maciej"]
[WhiteFideId "2103087"]
[BlackFideId "21805431"]
[WhiteElo "2176"]
[BlackElo "2324"]
[Result "0-1"]
[Round "01"]
[TimeControl "180+2"]
[Date "2023.03.07"]
[WhiteClock "0:00:07"]
[BlackClock "0:00:15"]

1. e4 c5 2. Nf3 a6 3. c4 b6 4. d4 cxd4 5. Qxd4 Bb7 6. Nc3 Nc6 7. Qd2 Rc8 8. b3 d6 9. Bb2 Nf6 10. Be2 e6 11. O-O Be7 12. Rfd1 O-O 13. Rac1 Ne5 14. Nxe5 dxe5 15. Qe3 Qc7 16. Na4 Nxe4 17. Qxb6 Qxb6 18. Nxb6 Rcd8 19. Nd7 Rfe8 20. Nxe5 Bc5 21. Ng4 f5 22. Ne3 f4 23. Ng4 h5 24. b4 Ba7 25. c5 hxg4 26. Bxg4 Bd5 27. Be5 Nf6 28. Bf3 Bb8 29. Bxb8 Rxb8 30. Bxd5 Nxd5 31. a3 a5 32. b5 Rxb5 33. c6 Rc8 34. Rd4 Rb6 35. Re4 Rbxc6 0-1


[Site "https://www.chess.com"]

[Event "Titled Tuesday Blitz March 07 Late 2023"]
[White "Blomqvist, Erik"]
[Black "Bach, Matthias"]
[WhiteFideId "1709437"]
[BlackFideId "4603168"]
[WhiteElo "2436"]
[BlackElo "2165"]
[Result "0-1"]
[Round "01"]
[TimeControl "180+2"]
[Date "2023.03.07"]
[WhiteClock "0:00:46"]
[BlackClock "0:01:08"]

1. e4 e5 2. Nf3 Nc6 3. Bb5 Bc5 4. c3 f5 5. d4 fxe4 6. Nxe5 Nxe5 7. Qh5+ Nf7 8. Qxc5 Nf6 9. Bf4 c6 10. Be2 d6 11. Qa3 O-O 12. Nd2 Nd5 13. Be3 Nxe3 14. fxe3 Qg5 15. O-O-O Qxe3 16. Rde1 d5 17. Rhf1 Qg5 18. g3 Bh3 19. Rf4 Nh6 20. Bf1 Rxf4 21. gxf4 Qh4 22. Rd1 Bg4 23. Qb4 Bxd1 24. Kxd1 Qxf4 25. Be2 b6 26. Qe7 Rf8 27. Qe6+ Kh8 28. Qxc6 Nf5 29. Kc2 Qf2 30. Qb5 Ne3+ 31. Kb3 Qe1 0-1


[Site "https://www.chess.com"]

[Event "Titled Tuesday Blitz March 07 Late 2023"]
[White "mohsengabr2002"]
[Black "Vlassov, Nikolai"]
[BlackFideId "4103360"]
[WhiteElo "2304"]
[BlackElo "2324"]
[Result "0-1"]
[Round "01"]
[TimeControl "180+2"]
[Date "2023.03.07"]
[WhiteClock "0:00:20"]
[BlackClock "0:00:11"]

1. b3 e5 2. e3 a6 3. Bb2 Nc6 4. g3 d5 5. Bg2 h5 6. h3 h4 7. g4 f5 8. gxf5 Bxf5 9. d3 Nf6 10. Nd2 Qd7 11. a3 O-O-O 12. Qe2 Bc5 13. Ngf3 Qe7 14. b4 Bd6 15. e4 Be6 16. exd5 Nxd5 17. O-O-O Nf4 18. Qf1 g5 19. Re1 g4 20. hxg4 Bxg4 21. Nh2 Bf5 22. Bxc6 bxc6 23. Nhf3 a5 24. Nxe5 Bxe5 25. Rxe5 Qh7 26. Rxa5 Bxd3 27. cxd3 Nxd3+ 28. Kb1 Nxb2+ 29. Ka1 Rxd2 30. Qa6+ Kd7 31. Rc5 Qe4 32. Rhc1 Nd3 33. Qxc6+ Qxc6 34. Rxc6 h3 35. Rxc7+ Kd6 36. R1c6+ Kd5 37. b5 h2 38. Rd7+ Ke4 39. Re7+ Kf3 40. Rf6+ Kg2 41. Rh7 Rxh7 42. Rg6+ Kf3 43. Rh6 Rxh6 0-1


[Site "https://www.chess.com"]

[Event "Titled Tuesday Blitz March 07 Late 2023"]
[White "Melikyan, Gnel"]
[Black "Einarsson, Halldor Gretar"]
[WhiteFideId "54109990"]
[BlackFideId "2300150"]
[WhiteElo "2138"]
[BlackElo "2142"]
[Result "1-0"]
[Round "01"]
[TimeControl "180+2"]
[Date "2023.03.07"]
[WhiteClock "0:01:07"]
[BlackClock "0:00:02"]

1. Nc3 Nf6 2. d3 d5 3. e4 dxe4 4. Nxe4 Nxe4 5. dxe4 Qxd1+ 6. Kxd1 g6 7. Be3 Bg7 8. c3 O-O 9. f3 b6 10. Kc2 c5 11. Bc4 Bb7 12. a4 Nc6 13. Ne2 Ne5 14. Bd5 Bxd5 15. exd5 Nc4 16. Bg5 h6 17. b3 Nd6 18. Bf4 g5 19. Bxd6 exd6 20. Rae1 Rfe8 21. Ng3 Be5 22. Nf5 Kh7 23. h4 Kg6 24. g4 Rh8 25. Kd3 a6 26. Ne7+ Kf6 27. Nc6 b5 28. hxg5+ hxg5 29. axb5 axb5 30. Rxh8 Rxh8 31. Nxe5 dxe5 32. Ra1 e4+ 33. Kxe4 Re8+ 34. Kd3 Re5 35. c4 bxc4+ 36. bxc4 Ke7 37. Ra7+ Kf6 38. Rc7 Re1 39. Rxc5 Ke5 40. Rc7 1-0


[Site "https://www.chess.com"]

[Event "Titled Tuesday Blitz March 07 Late 2023"]
[White "Abrosimov, Vladimir"]
[Black "Flores Quillas, Diego Saul Rodri"]
[WhiteFideId "4166892"]
[BlackFideId "3822508"]
[WhiteElo "2336"]
[BlackElo "2326"]
[Result "0-1"]
[Round "01"]
[TimeControl "180+2"]
[Date "2023.03.07"]
[WhiteClock "0:00:15"]
[BlackClock "0:00:26"]

1. c4 c5 2. Nc3 Nc6 3. g3 g6 4. Bg2 Bg7 5. e3 e6 6. Nge2 Nge7 7. O-O O-O 8. b3 d5 9. cxd5 exd5 10. d4 cxd4 11. Nxd4 Nxd4 12. exd4 Be6 13. Be3 Rc8 14. Rc1 Qa5 15. Qd2 Rfd8 16. Rfd1 Nf5 17. Rc2 h5 18. Rdc1 Rc6 19. Nb1 Qxd2 20. Nxd2 Rxc2 21. Rxc2 Nxd4 22. Rc7 Nb5 23. Rxb7 d4 24. Bf4 a6 25. Rb6 Nc3 26. Bf1 d3 27. Bg5 Ne2+ 28. Kg2 Rc8 29. Rxa6 Rc2 30. b4 Bc3 31. Ne4 Bd5 32. Kf3 Bd4 33. Rd6 Ng1+ 34. Kg2 Bxe4+ 0-1


[Site "https://www.chess.com"]

[Event "Titled Tuesday Blitz March 07 Late 2023"]
[White "Mustafayev, Farid"]
[Black "Botez, Alexandra"]
[WhiteFideId "13408771"]
[BlackFideId "2603365"]
[WhiteElo "2269"]
[BlackElo "2059"]
[Result "1-0"]
[Round "01"]
[TimeControl "180+2"]
[Date "2023.03.07"]
[WhiteClock "0:01:00"]
[BlackClock "0:00:37"]

1. Nf3 Nf6 2. g3 g6 3. Bg2 d5 4. O-O Bg7 5. b3 O-O 6. Bb2 c5 7. e3 Nc6 8. d3 Re8 9. Nbd2 e5 10. c4 Bf5 11. cxd5 Nxd5 12. e4 Ndb4 13. exf5 Nxd3 14. fxg6 Nxb2 15. gxf7+ Kxf7 16. Qc2 Nd3 17. Ne4 Ncb4 18. Qc4+ Qd5 19. Nd6+ Kg8 20. Qxd5+ Nxd5 21. Nxe8 Rxe8 22. Ng5 Nc3 23. Ne4 Ne2+ 24. Kh1 b6 25. Rad1 Ndc1 26. Rxc1 Nxc1 27. Rxc1 Rd8 28. Bf1 Kf8 29. f3 Bh6 30. Rb1 Ke7 31. Be2 Be3 32. Kg2 Bd4 33. Rd1 h6 34. Bc4 Rf8 35. a4 Kd7 36. h4 Kc7 37. Rd3 Kc6 38. g4 a5 39. Kg3 Kd7 40. g5 hxg5 41. hxg5 Ke7 42. g6 1-0


[Site "https://www.chess.com"]

[Event "Titled Tuesday Blitz March 07 Late 2023"]
[White "Smith, Garrett L"]
[Black "Gerzhoy, Leonid"]
[WhiteFideId "2024829"]
[BlackFideId "2806126"]
[WhiteElo "2277"]
[BlackElo "2594"]
[Result "0-1"]
[Round "01"]
[TimeControl "180+2"]
[Date "2023.03.07"]
[WhiteClock "0:00:12"]
[BlackClock "0:00:40"]

1. e4 d6 2. d4 Nf6 3. Nc3 e5 4. Nf3 Nc6 5. d5 Ne7 6. g3 g6 7. Bg2 Bg7 8. O-O O-O 9. a4 Ne8 10. Ne1 f5 11. f4 exf4 12. Bxf4 h6 13. Nd3 g5 14. Bd2 Ng6 15. exf5 Bxf5 16. Ra3 Qd7 17. Rb3 b6 18. a5 Nf6 19. Nb4 Ne5 20. Nc6 Nfg4 21. h3 Nf6 22. Rxf5 Nxc6 23. Rxf6 Rxf6 24. dxc6 Qf5 25. Nd5 Rf7 26. Be3 Re8 27. Bd4 Bxd4+ 28. Qxd4 Re1+ 29. Kh2 Re2 30. Qd3 Qxd3 31. Rxd3 Rxc2 32. Rc3 Rxb2 33. axb6 axb6 34. g4 Rff2 35. Ne3 b5 36. Kg3 b4 37. Rd3 Rfd2 38. Bd5+ Kg7 39. Nf5+ Kf6 40. Rf3 Rxd5 41. Ne3+ Ke6 42. Nxd5 Kxd5 43. Rf6 b3 44. Rxh6 Rc2 45. Rh5 b2 0-1


[Site "https://www.chess.com"]

[Event "Titled Tuesday Blitz March 07 Late 2023"]
[White "Karttunen, Mika"]
[Black "Prieto Aranguren, Alain"]
[WhiteFideId "502081"]
[BlackFideId "2268906"]
[WhiteElo "2396"]
[BlackElo "2209"]
[Result "1-0"]
[Round "01"]
[TimeControl "180+2"]
[Date "2023.03.07"]
[WhiteClock "0:00:11"]
[BlackClock "0:00:03"]

1. d4 Nf6 2. c4 e6 3. g3 c5 4. Nf3 d5 5. cxd5 exd5 6. Nc3 Nc6 7. Bg2 Be7 8. dxc5 O-O 9. O-O Bxc5 10. Bg5 Be6 11. Na4 Be7 12. Nd4 Nxd4 13. Qxd4 Qa5 14. Rfc1 Rac8 15. Bd2 Qb5 16. Nc3 Qa6 17. e3 Bc5 18. Qa4 Qb6 19. Qb5 d4 20. Qxb6 Bxb6 21. exd4 Bxd4 22. h3 a6 23. Re1 Rc7 24. Rad1 Rd7 25. b3 Rfd8 26. Nb1 Bd5 27. Ba5 Bxg2 28. Bxd8 Bxh3 29. Bxf6 gxf6 30. Kh2 Bg4 31. Rd2 h5 32. Re8+ Kg7 33. Re4 Be5 34. Rxg4+ 1-0


[Site "https://www.chess.com"]